 Dungeon Crawl Stone Soup version 0.22-a0-469-gf26638a (webtiles) character file.

1847 nikopol the Thaumaturge (level 8, -8/42 HPs)
             Began as a Deep Elf Fire Elementalist on June 12, 2018.
             Was an Initiate of Vehumet.
             Shot with an arrow by a centaur (17 damage)
             ... on level 5 of the Dungeon.
             The game lasted 00:20:50 (5294 turns).

nikopol the Thaumaturge (DEFE)                      Turns: 5294, Time: 00:20:51

Health: -8/42      AC:  7    Str:  5    XL:     8   Next: 88%
Magic:  6/23       EV: 14    Int: 23    God:    Vehumet [......]
Gold:   270        SH:  0    Dex: 15    Spells: 8/25 levels left

rFire    + . .     SeeInvis .   t - +0 dagger (drain)
rCold    . . .     Gourm    .   (no shield)
rNeg     . . .     Faith    .   A - +2 robe {rF+}
rPois    .         Spirit   .   (no helmet)
rElec    .         Reflect  .   k - +1 cloak
rCorr    .         Harm     .   (no gloves)
MR       .....                  r - +0 pair of boots
Stlth    +++.......             (no amulet)
HPRegen  0.14/turn              (no ring)
MPRegen  0.18/turn              (no ring)

@: no status effects
A: no striking features
a: Renounce Religion


You were on level 5 of the Dungeon.
You worshipped Vehumet.
Vehumet was noncommittal.
You were not hungry.

You visited 2 branches of the dungeon, and saw 6 of its levels.

You collected 270 gold pieces.

Inventory:

Hand Weapons
 t - a +0 dagger of draining (weapon)
Armour
 a - a +0 robe
 k - a +1 cloak (worn)
 r - a +0 pair of boots (worn)
 A - a +2 robe of fire resistance (worn)
Jewellery
 s - a cursed ring of loudness {unknown}
 v - an uncursed amulet of faith {unknown}
Wands
 u - a wand of enslavement (11)
Scrolls
 b - 10 scrolls of identify {unknown}
 d - a scroll of blinking {unknown}
 e - 2 scrolls of amnesia {unknown}
 g - a scroll of enchant weapon {unknown}
 h - a scroll of random uselessness {unknown}
 i - 3 scrolls of remove curse {unknown}
 j - 2 scrolls of magic mapping {unknown}
 n - a scroll of immolation {unknown}
 o - a scroll of fog {unknown}
 q - a scroll of noise {unknown}
 y - a scroll of fear {unknown}
Potions
 f - 2 potions of ambrosia {unknown}
 l - 6 potions of curing
 m - 2 potions of flight {unknown}
 p - a potion of lignification {unknown}
 w - a potion of mutation {unknown}
 x - a potion of might {unknown}
 z - a potion of magic {unknown}
Comestibles
 c - 11 rations
 B - 5 chunks of flesh


   Skills:
 + Level 0.8 Fighting
 + Level 3.7 Dodging
 + Level 3.6 Stealth
 + Level 9.4 Spellcasting
 + Level 6.0 Conjurations
 + Level 7.9 Fire Magic


You had 8 spell levels left.
You knew the following spells:

 Your Spells              Type           Power        Failure   Level  Hunger
a - Flame Tongue          Conj/Fire      #####        1%          1    None
b - Throw Flame           Conj/Fire      #####.       1%          2    None
c - Conjure Flame         Conj/Fire      #####...     1%          3    None
d - Sticky Flame          Conj/Fire      #####...     3%          4    ##.....
e - Fireball              Conj/Fire      #####.....   10%         5    ####...
h - Blink                 Tloc           N/A          9%          2    None

Your spell library contained the following spells:

 Spells                   Type           Power        Failure   Level  Hunger
 Magic Dart               Conj           ####         1%          1    None
 Apportation              Tloc           ##....       6%          1    None
 Slow                     Hex            ##......     9%          2    None
 Mephitic Cloud           Conj/Pois/Air  ###.....     8%          3    None
 Summon Small Mammal      Summ           ##..         6%          1    None
 Animate Skeleton         Necr           N/A          6%          1    None
 Call Imp                 Summ           ##......     9%          2    None
 Confusing Touch          Hex            ##....       6%          1    None
 Inner Flame              Hex/Fire       ####....     3%          3    None


Dungeon Overview and Level Annotations

Branches:
Dungeon (5/15)             Temple (1/1) D:4

Altars:
Cheibriados
Dithmenos
Elyvilon
Fedhas
Gozag
Kikubaaqudgha
Makhleb
Okawaru
Qazlal
Sif Muna
Uskayaw
Vehumet
Wu Jian
Xom
The Shining One

Annotations:
D:4 Zephyerz's ghost, novice HuWn


Message History

Casting: Sticky Flame (safe; 3% risk of failure)
Confirm with . or Enter, or press ? or * to list all spells.
Aiming: Sticky Flame (safe; 3% risk of failure)
Press: ? - help, Shift-Dir - straight line, f/p - Duvessa
Aim: Duvessa, wielding a short sword and wearing a leather armour (almost dead, berserk, fast, unusually strong)
The sticky flame hits Duvessa.
Duvessa is almost dead.
Duvessa is covered in liquid flames!
Duvessa burns!
You kill Duvessa!
Vehumet accepts your kill.
Your Conjurations skill increases to level 6!
The centaur wields a shortbow.
The centaur shoots an arrow.
The arrow hits you!
* * * LOW HITPOINT WARNING * * *
Casting: Sticky Flame (safe; 3% risk of failure)
Confirm with . or Enter, or press ? or * to list all spells.
You blink.
The centaur shoots an arrow.
The arrow completely misses you.
The centaur shoots an arrow.
The arrow closely misses you.
It was a potion of curing.
You feel better.
The centaur shoots an arrow.
The arrow hits you!
You die...

#.....#
.....
....( ..c
... #e#
#.#
##.######
#......@#
##!####)#
### #c#
#)# #ยง#
#.# ..#
#.# #.#
#.# #.#
#.#


You could see a centaur.

Vanquished Creatures
  A two-headed ogre (D:3)
  The ghost of Zephyerz the Shield-Bearer, an amateur OpFi of Uskayaw (D:3)
  Duvessa (D:5)
  A phantom (D:3)
  An ogre (D:4)
  A centaur (D:4)
  2 scorpions (D:5)
  Dowan (D:5)
  A hound (D:5)
  6 orc wizards
  A bullfrog skeleton (D:5)
  A centaur skeleton (D:4)
  2 iguanas (D:4)
  A worker ant (D:5)
  Terence (D:2)
  6 adders
  4 gnolls (D:3)
  2 oozes
  3 worms
  2 leopard geckos
  9 orcs
  A ball python (D:1)
  10 bats
  3 giant cockroaches
  8 goblins
  6 hobgoblins
  5 kobolds
  5 quokkas
  4 frilled lizards
  A leopard gecko skeleton (D:4)
  A quokka skeleton (D:4)
  10 rats
102 creatures vanquished.

Notes
Turn   | Place    | Note
-------+----------+-------------------------------------------
     0 | D:1      | nikopol the Deep Elf Fire Elementalist began the quest for the Orb.
     0 | D:1      | Reached XP level 1. HP: 10/10 MP: 6/6
   199 | D:1      | Reached XP level 2. HP: 15/15 MP: 6/8
   938 | D:2      | Found an ancient bone altar of Kikubaaqudgha.
   939 | D:2      | Reached XP level 3. HP: 19/19 MP: 8/10
   948 | D:2      | Learned a level 2 spell: Throw Flame
   952 | D:2      | Learned a level 3 spell: Conjure Flame
  1207 | D:2      | Noticed Terence
  1277 | D:2      | Killed Terence
  1277 | D:2      | Reached skill level 4 in Spellcasting
  1277 | D:2      | Reached XP level 4. HP: 24/24 MP: 0/12
  1784 | D:3      | Noticed Zephyerz's ghost (amateur OpFi)
  2009 | D:3      | Noticed a two-headed ogre
  2280 | D:3      | Learned a level 4 spell: Sticky Flame
  2590 | D:3      | Noticed a phantom
  2695 | D:3      | Reached XP level 5. HP: 28/28 MP: 9/13
  2788 | D:3      | Killed Zephyerz's ghost
  2788 | D:3      | Reached skill level 5 in Spellcasting
  2788 | D:3      | Reached skill level 5 in Fire Magic
  2788 | D:3      | Reached XP level 6. HP: 32/32 MP: 4/16
  3070 | D:3      | Killed a two-headed ogre
  3070 | D:3      | Reached skill level 7 in Spellcasting
  3070 | D:3      | Reached skill level 5 in Conjurations
  3070 | D:3      | Reached XP level 7. HP: 37/37 MP: 2/20
  3070 | D:3      | Reached XP level 8. HP: 42/42 MP: 2/21
  3632 | D:4      | Reached skill level 8 in Spellcasting
  3682 | D:4      | Learned a level 5 spell: Fireball
  3685 | D:4      | Learned a level 2 spell: Blink
  3868 | D:4      | Found a staircase to the Ecumenical Temple.
  3877 | Temple   | Entered the Ecumenical Temple
  3930 | Temple   | Became a worshipper of Vehumet
  4038 | D:4      | Noticed Zephyerz's ghost (novice HuWn)
  4806 | D:5      | Entered Level 5 of the Dungeon
  4806 | D:5      | Found a snail-covered altar of Cheibriados.
  4806 | D:5      | Found a blossoming altar of Fedhas.
  5058 | D:5      | Found an iron altar of Okawaru.
  5265 | D:5      | Reached skill level 9 in Spellcasting
  5275 | D:5      | Noticed Duvessa
  5276 | D:5      | Noticed Dowan
  5286 | D:5      | Killed Dowan
  5292 | D:5      | Killed Duvessa
  5294 | D:5      | Shot with an arrow by a centaur

Vault maps used:
D:1:      dpeg_arrival_prison, due_unseen_surprise
D:2:      overflow_temple_1_default, uniq_terence
D:3:      first_ration, st_stairs_13, minmay_misc_feat_plants
D:4:      minmay_temple_entry_poolview
D:5:      nicolae_overflow_crystal_walls, kennysheep_mini,
          okawaru_metal_pillars_1_2, fedhas_altar_3, uniq_grinder, uniq_duvessa
Temple:   nicolae_temple_great_sept

Skill      XL: |  1  2  3  4  5  6  7  8 |
---------------+-------------------------+-----
Fire Magic     | 4 5 6 7 |  7.9
Spellcasting   | 4 5 7 9 |  9.4
Conjurations   | 2 3 5 6 |  6.0
Stealth        | 3 |  3.6
Dodging        | 3 |  3.7
Fighting       | |  0.8

Action                   |  1- 3 |  4- 6 |  7- 9 || total
-------------------------+-------+-------+-------++-------
Melee: Unarmed           |       |     1 |       ||     1
       Dagger            |       |       |     1 ||     1
 Cast: Flame Tongue      |    65 |   104 |    74 ||   243
       Conjure Flame     |     2 |     4 |     1 ||     7
       Throw Flame       |       |     6 |     2 ||     8
       Sticky Flame      |       |       |    12 ||    12
       Fireball          |       |       |     1 ||     1
       Blink             |       |       |     1 ||     1
  Use: Potion            |       |       |     1 ||     1
  Eat: Chunk             |     1 |     5 |     8 ||    14
Armor: Robe              |     4 |     2 |     8 ||    14
Dodge: Dodged            |    23 |    20 |    20 ||    63

Table legend:
 A = Spawn XP
 B = Non-spawn XP
 C = Spawn XP percentage of total XP
 D = Spawn monster count
 E = Non-spawn monster count
 F = Spawn count percentage of total count
 G = Total turns spent on level
                    A         B        C        D         E        F      G
               +---------+---------+-------+---------+---------+-------+---------
         Total |       0 |    2639 |   0.0 |       0 |     102 |   0.0 |  5294
               +---------+---------+-------+---------+---------+-------+---------
           D:1 |       0 |      38 |   0.0 |       0 |      17 |   0.0 |   938
           D:2 |       0 |      91 |   0.0 |       0 |      23 |   0.0 |  1365
           D:3 |       0 |    1530 |   0.0 |       0 |      32 |   0.0 |  1237
           D:4 |       0 |     383 |   0.0 |       0 |      14 |   0.0 |  1200
           D:5 |       0 |     597 |   0.0 |       0 |      16 |   0.0 |   488
               +---------+---------+-------+---------+---------+-------+---------
